[ PARTIDA AOE2 · #507059800 ]
UnrankedPolacos vs Huns
Equipo del jugador · DERR
Equipo rival · VICT
[ ANÁLISIS DE REPETICIÓN · EXTRAÍDO DE LA PARTIDA GRABADA ]
Feudal
16:51
Castillos
21:16
Imperial
—
| APM promedio | 37.5 |
| APM pico | 104 |
| eAPM promedio | 15.5 |
| Aldeanos / militares | 53 / 93 |
Foco
⚔️ 40.9% · 🌾 59.1%
Knight ×48 · Scout Cavalry ×39 · Militia ×5 · Monk ×1
Feudal
13:26
Castillos
23:12
Imperial
—
| APM promedio | 44.9 |
| APM pico | 102 |
| eAPM promedio | 21.5 |
| Aldeanos / militares | 79 / 64 |
Foco
⚔️ 32.4% · 🌾 67.6%
Scout Cavalry ×32 · Knight ×31 · Militia ×1
Mapa de la partida
Recursos iniciales + cada clic de construcción. Líneas = muros · curvas = relieve. ◆ oro · ⬟ piedra · ● bayas · ✦ reliquia · ◌ hueco del cierre
Tu base· ✓ Cerrada en 21:16 · 91t muro · sin puerta
Base de viva2030· ✓ Cerrada en 23:12 · 98t muro · 1 puerta(s)
Terreno inicial suavizado · ◌ = hueco del cierre detectado · pasá el cursor para detalles
Inputs por minuto
— JeanLuc Petard - - viva2030
Build order — JeanLuc Petard
Primeras 150 de 192 acciones detectadas
| 0:00 | Encolar | Villager (Male) |
| 0:00 | Encolar | Villager (Male) |
| 0:00 | Encolar | Villager (Male) |
| 0:01 | Encolar | Villager (Male) |
| 0:01 | Encolar | Villager (Male) |
| 0:02 | Construir | House |
| 0:03 | Construir | House |
| 1:42 | Encolar | Villager (Male) |
| 2:06 | Encolar | Villager (Male) |
| 2:07 | Encolar | Villager (Male) |
| 2:34 | Construir | House |
| 2:36 | Encolar | Villager (Male) |
| 2:37 | Encolar | Villager (Male) |
| 2:57 | Construir | Palisade Wall |
| 3:06 | Encolar | Villager (Male) |
| 3:06 | Encolar | Villager (Male) |
| 3:19 | Construir | Barracks |
| 3:28 | Encolar | Villager (Male) |
| 3:28 | Encolar | Villager (Male) |
| 3:44 | Encolar | Villager (Male) |
| 3:45 | Encolar | Villager (Male) |
| 4:13 | Encolar | Militia |
| 4:17 | Encolar | Villager (Male) |
| 4:18 | Encolar | Villager (Male) |
| 4:41 | Encolar | Militia |
| 5:26 | Encolar | Villager (Male) |
| 5:27 | Encolar | Villager (Male) |
| 5:39 | Construir | House |
| 5:49 | Encolar | Villager (Male) |
| 6:01 | Encolar | Militia |
| 6:13 | Construir | House |
| 6:24 | Construir | Palisade Wall |
| 6:34 | Encolar | Villager (Male) |
| 6:34 | Encolar | Villager (Male) |
| 7:06 | Construir | House |
| 7:08 | Construir | Palisade Wall |
| 7:11 | Construir | Palisade Wall |
| 7:18 | Encolar | Militia |
| 7:18 | Encolar | Militia |
| 7:28 | Encolar | Villager (Male) |
| 8:26 | Encolar | Villager (Male) |
| 8:26 | Encolar | Villager (Male) |
| 8:26 | Encolar | Villager (Male) |
| 8:26 | Encolar | Villager (Male) |
| 8:26 | Encolar | Villager (Male) |
| 8:27 | Encolar | Villager (Male) |
| 8:42 | Construir | House |
| 8:48 | Construir | Palisade Wall |
| 9:12 | Construir | Mill |
| 9:19 | Encolar | Villager (Male) |
| 9:19 | Encolar | Villager (Male) |
| 9:19 | Encolar | Villager (Male) |
| 9:20 | Encolar | Villager (Male) |
| 9:30 | Construir | Lumber Camp |
| 9:43 | Construir | Palisade Wall |
| 10:37 | Construir | House |
| 11:45 | Encolar | Villager (Male) |
| 11:46 | Encolar | Villager (Male) |
| 11:46 | Encolar | Villager (Male) |
| 11:46 | Encolar | Villager (Male) |
| 11:47 | Encolar | Villager (Male) |
| 12:23 | Encolar | Villager (Male) |
| 12:28 | Construir | House |
| 12:38 | Construir | House |
| 12:40 | Construir | Palisade Wall |
| 12:50 | Construir | Palisade Wall |
| 13:15 | Construir | Farm |
| 13:15 | Construir | Farm |
| 13:16 | Construir | Farm |
| 13:22 | Construir | Palisade Wall |
| 13:47 | Construir | Palisade Wall |
| 14:10 | Investigar | Loom |
| 14:10 | Investigar | Feudal Age |
| 14:33 | Construir | Mining Camp |
| 14:54 | Construir | Farm |
| 14:54 | Construir | Farm |
| 14:55 | Construir | Farm |
| 14:55 | Construir | Farm |
| 14:58 | Construir | Palisade Wall |
| 15:07 | Construir | House |
| 15:18 | Construir | Farm |
| 16:00 | Construir | Farm |
| 16:00 | Construir | Farm |
| 16:00 | Construir | Farm |
| 16:00 | Construir | Farm |
| 16:12 | Construir | Farm |
| 16:22 | Construir | Farm |
| 16:40 | Encolar | Villager (Male) |
| 16:40 | Encolar | Villager (Male) |
| 16:51 | Edad | Edad Feudal |
| 16:52 | Investigar | Double-Bit Axe |
| 17:23 | Construir | Market |
| 17:45 | Construir | Farm |
| 17:45 | Encolar | Villager (Male) |
| 17:50 | Construir | House |
| 18:11 | Construir | Blacksmith |
| 18:31 | Investigar | Horse Collar |
| 18:36 | Investigar | Castle Age |
| 19:01 | Construir | Stable |
| 19:21 | Construir | Stable |
| 19:35 | Construir | Stone Wall |
| 19:39 | Construir | Stone Wall |
| 19:42 | Encolar | Scout Cavalry |
| 19:44 | Investigar | Bloodlines |
| 20:07 | Investigar | Scale Barding Armor |
| 20:17 | Encolar | Scout Cavalry |
| 20:17 | Encolar | Scout Cavalry |
| 20:39 | Construir | Farm |
| 20:39 | Construir | Farm |
| 20:39 | Construir | Farm |
| 20:39 | Construir | Farm |
| 20:40 | Construir | Farm |
| 20:40 | Construir | Farm |
| 20:42 | Encolar | Villager (Male) |
| 20:42 | Encolar | Villager (Male) |
| 21:03 | Encolar | Scout Cavalry |
| 21:03 | Encolar | Scout Cavalry |
| 21:04 | Encolar | Scout Cavalry |
| 21:15 | Construir | Stone Wall |
| 21:16 | Edad | Edad de los Castillos |
| 21:37 | Investigar | Light Cavalry (upgrade) |
| 21:42 | Construir | Stone Wall |
| 21:51 | Construir | House |
| 22:10 | Investigar | Chain Barding Armor |
| 22:25 | Encolar | Scout Cavalry |
| 22:26 | Encolar | Scout Cavalry |
| 22:53 | Encolar | Knight ×2 |
| 22:59 | Encolar | Scout Cavalry ×2 |
| 22:59 | Encolar | Scout Cavalry ×2 |
| 23:05 | Construir | Farm |
| 23:08 | Construir | House |
| 23:27 | Encolar | Scout Cavalry |
| 23:51 | Investigar | Husbandry |
| 23:56 | Encolar | Scout Cavalry |
| 24:31 | Encolar | Scout Cavalry ×3 |
| 24:32 | Encolar | Scout Cavalry ×3 |
| 25:05 | Encolar | Scout Cavalry ×2 |
| 25:05 | Encolar | Scout Cavalry ×2 |
| 25:12 | Construir | House |
| 25:51 | Investigar | Forging |
| 25:54 | Encolar | Scout Cavalry |
| 25:54 | Encolar | Scout Cavalry |
| 26:17 | Encolar | Scout Cavalry |
| 26:17 | Encolar | Scout Cavalry |
| 26:17 | Encolar | Scout Cavalry |
| 26:44 | Construir | Siege Workshop |
| 26:49 | Encolar | Knight ×4 |
| 26:50 | Encolar | Knight ×4 |
| 27:11 | Encolar | Knight ×2 |
| 27:12 | Encolar | Knight ×2 |
Build order — viva2030
Primeras 150 de 248 acciones detectadas
| 0:00 | Encolar | Villager (Male) |
| 0:01 | Encolar | Villager (Male) |
| 0:01 | Encolar | Villager (Male) |
| 0:01 | Encolar | Villager (Male) |
| 0:01 | Encolar | Villager (Male) |
| 1:19 | Encolar | Villager (Male) |
| 1:59 | Encolar | Villager (Male) |
| 2:01 | Encolar | Villager (Male) |
| 2:05 | Construir | Lumber Camp |
| 2:32 | Encolar | Villager (Male) |
| 3:02 | Encolar | Villager (Male) |
| 3:02 | Encolar | Villager (Male) |
| 3:41 | Encolar | Villager (Male) |
| 3:41 | Encolar | Villager (Male) |
| 3:55 | Encolar | Villager (Male) |
| 4:34 | Encolar | Villager (Male) |
| 4:34 | Encolar | Villager (Male) |
| 5:41 | Investigar | Loom |
| 6:13 | Encolar | Villager (Male) |
| 6:31 | Encolar | Villager (Male) |
| 6:58 | Encolar | Villager (Male) |
| 7:01 | Encolar | Villager (Male) |
| 7:48 | Construir | Mill |
| 7:50 | Encolar | Villager (Male) |
| 8:03 | Encolar | Villager (Male) |
| 8:20 | Encolar | Villager (Male) |
| 8:47 | Encolar | Villager (Male) |
| 9:02 | Encolar | Villager (Male) |
| 9:18 | Construir | Farm |
| 9:42 | Construir | Farm |
| 9:56 | Construir | Farm |
| 9:57 | Encolar | Villager (Male) |
| 10:17 | Encolar | Villager (Male) |
| 10:26 | Construir | Palisade Wall |
| 10:29 | Construir | Palisade Wall |
| 10:30 | Construir | Palisade Wall |
| 10:36 | Encolar | Villager (Male) |
| 10:41 | Construir | Palisade Wall |
| 10:54 | Construir | Farm |
| 11:08 | Investigar | Feudal Age |
| 11:37 | Construir | Barracks |
| 12:41 | Construir | Palisade Wall |
| 12:49 | Construir | Farm |
| 13:13 | Encolar | Villager (Male) |
| 13:25 | Construir | Palisade Wall |
| 13:26 | Edad | Edad Feudal |
| 13:31 | Construir | Stable |
| 13:36 | Investigar | Double-Bit Axe |
| 13:38 | Encolar | Villager (Male) |
| 13:51 | Construir | Mining Camp |
| 14:13 | Encolar | Scout Cavalry |
| 14:14 | Encolar | Villager (Male) |
| 14:15 | Encolar | Militia |
| 14:22 | Construir | Farm |
| 14:25 | Construir | Farm |
| 14:28 | Encolar | Villager (Male) |
| 14:33 | Encolar | Scout Cavalry |
| 14:34 | Encolar | Villager (Male) |
| 14:45 | Construir | Farm |
| 15:05 | Investigar | Horse Collar |
| 15:09 | Construir | Farm |
| 15:15 | Construir | Palisade Wall |
| 15:25 | Construir | Farm |
| 15:26 | Encolar | Villager (Male) |
| 15:35 | Encolar | Scout Cavalry |
| 15:51 | Encolar | Villager (Male) |
| 16:10 | Encolar | Villager (Male) |
| 16:14 | Construir | Farm |
| 16:16 | Construir | Farm |
| 16:28 | Construir | Farm |
| 16:38 | Construir | Farm |
| 16:40 | Construir | Farm |
| 16:44 | Construir | Farm |
| 16:58 | Encolar | Villager (Male) |
| 17:06 | Construir | Palisade Wall |
| 17:20 | Construir | Palisade Wall |
| 17:23 | Encolar | Villager (Male) |
| 17:30 | Construir | Farm |
| 17:43 | Construir | Farm |
| 17:57 | Encolar | Villager (Male) |
| 18:00 | Construir | Stable |
| 18:10 | Construir | Palisade Wall |
| 18:17 | Encolar | Villager (Male) |
| 18:36 | Construir | Lumber Camp |
| 18:41 | Construir | Palisade Wall |
| 18:43 | Encolar | Villager (Male) |
| 19:00 | Construir | Palisade Wall |
| 19:04 | Construir | Archery Range |
| 19:09 | Construir | Palisade Wall |
| 19:27 | Encolar | Villager (Male) |
| 19:41 | Construir | Palisade Wall |
| 19:42 | Encolar | Villager (Male) |
| 19:57 | Encolar | Villager (Male) |
| 20:13 | Investigar | Castle Age |
| 20:22 | Construir | Blacksmith |
| 20:28 | Encolar | Scout Cavalry |
| 20:32 | Construir | Farm |
| 20:38 | Construir | Farm |
| 20:52 | Construir | Palisade Wall |
| 20:57 | Construir | Farm |
| 20:58 | Investigar | Bloodlines |
| 21:11 | Construir | Palisade Gate |
| 21:14 | Construir | Farm |
| 21:58 | Construir | Palisade Wall |
| 22:06 | Investigar | Scale Barding Armor |
| 22:06 | Investigar | Forging |
| 22:32 | Construir | Stable |
| 22:37 | Construir | Palisade Wall |
| 22:47 | Construir | Palisade Wall |
| 23:05 | Construir | Palisade Wall |
| 23:12 | Encolar | Scout Cavalry |
| 23:12 | Edad | Edad de los Castillos |
| 23:12 | Encolar | Scout Cavalry |
| 23:12 | Encolar | Scout Cavalry |
| 23:19 | Construir | Farm |
| 23:22 | Encolar | Villager (Male) |
| 23:24 | Construir | Stable |
| 23:27 | Construir | Stable |
| 23:30 | Construir | Palisade Wall |
| 23:35 | Construir | Palisade Wall |
| 23:39 | Construir | Palisade Wall |
| 23:43 | Investigar | Light Cavalry (upgrade) |
| 23:45 | Encolar | Villager (Male) |
| 23:54 | Construir | Palisade Wall |
| 24:01 | Construir | Palisade Wall |
| 24:09 | Encolar | Villager (Male) |
| 24:17 | Construir | Town Center |
| 24:24 | Encolar | Scout Cavalry |
| 24:30 | Encolar | Villager (Male) |
| 24:32 | Construir | Farm |
| 24:43 | Construir | Farm |
| 24:49 | Investigar | Husbandry |
| 25:14 | Encolar | Scout Cavalry |
| 25:15 | Encolar | Villager (Male) |
| 25:19 | Construir | Farm |
| 25:19 | Construir | Farm |
| 25:29 | Construir | Palisade Wall |
| 25:34 | Encolar | Scout Cavalry |
| 25:35 | Encolar | Villager (Male) |
| 25:49 | Encolar | Knight |
| 26:00 | Encolar | Knight |
| 26:04 | Construir | Farm |
| 26:04 | Construir | Farm |
| 26:05 | Construir | Farm |
| 26:05 | Construir | Farm |
| 26:05 | Construir | Farm |
| 26:06 | Construir | Farm |
| 26:19 | Encolar | Knight |
| 26:19 | Encolar | Knight |
| 26:34 | Construir | Farm |
Cronología de la partida
| 2:57 | JeanLuc Petard · wall_segment Palisade Wall x1 |
| 3:19 | JeanLuc Petard · first_building Barracks |
| 6:24 | JeanLuc Petard · wall_segment Palisade Wall x1 |
| 7:08 | JeanLuc Petard · wall_segment Palisade Wall x1 |
| 7:11 | JeanLuc Petard · wall_segment Palisade Wall x1 |
| 8:48 | JeanLuc Petard · wall_segment Palisade Wall x1 |
| 9:43 | JeanLuc Petard · wall_segment Palisade Wall x1 |
| 10:26 | viva2030 · wall_segment Palisade Wall x1 |
| 10:29 | viva2030 · wall_segment Palisade Wall x1 |
| 10:30 | viva2030 · wall_segment Palisade Wall x5 |
| 10:41 | viva2030 · wall_segment Palisade Wall x10 |
| 11:37 | viva2030 · first_building Barracks |
| 12:40 | JeanLuc Petard · wall_segment Palisade Wall x10 |
| 12:41 | viva2030 · wall_segment Palisade Wall x2 |
| 12:50 | JeanLuc Petard · wall_segment Palisade Wall x12 |
| 13:22 | JeanLuc Petard · wall_segment Palisade Wall x23 |
| 13:25 | viva2030 · wall_segment Palisade Wall x4 |
| 13:26 | viva2030 · age_up feudal |
| 13:31 | viva2030 · first_building Stable |
| 13:47 | JeanLuc Petard · wall_segment Palisade Wall x29 |
| 14:58 | JeanLuc Petard · wall_segment Palisade Wall x1 |
| 15:15 | viva2030 · wall_segment Palisade Wall x7 |
| 16:51 | JeanLuc Petard · age_up feudal |
| 17:06 | viva2030 · wall_segment Palisade Wall x11 |
| 17:20 | viva2030 · wall_segment Palisade Wall x6 |
| 18:04 | JeanLuc Petard · first_market_buy 100 wood |
| 18:10 | viva2030 · wall_segment Palisade Wall x1 |
| 18:41 | viva2030 · wall_segment Palisade Wall x10 |
| 19:00 | viva2030 · wall_segment Palisade Wall x1 |
| 19:01 | JeanLuc Petard · first_building Stable |
| 19:04 | viva2030 · first_building Archery Range |
| 19:09 | viva2030 · wall_segment Palisade Wall x9 |
| 19:35 | JeanLuc Petard · wall_segment Stone Wall x3 |
| 19:39 | JeanLuc Petard · wall_segment Stone Wall x1 |
| 19:41 | viva2030 · wall_segment Palisade Wall x3 |
| 20:52 | viva2030 · wall_segment Palisade Wall x4 |
| 21:15 | JeanLuc Petard · wall_segment Stone Wall x7 |
| 21:16 | JeanLuc Petard · age_up castle |
| 21:42 | JeanLuc Petard · wall_segment Stone Wall x7 |
| 21:58 | viva2030 · wall_segment Palisade Wall x4 |
| 22:08 | JeanLuc Petard · first_market_sell 100 stone |
| 22:37 | viva2030 · wall_segment Palisade Wall x8 |
| 22:47 | viva2030 · wall_segment Palisade Wall x10 |
| 23:05 | viva2030 · wall_segment Palisade Wall x10 |
| 23:12 | viva2030 · age_up castle |
| 23:30 | viva2030 · wall_segment Palisade Wall x6 |
| 23:35 | viva2030 · wall_segment Palisade Wall x3 |
| 23:39 | viva2030 · wall_segment Palisade Wall x4 |
| 23:54 | viva2030 · wall_segment Palisade Wall x1 |
| 24:01 | viva2030 · wall_segment Palisade Wall x6 |
| 25:29 | viva2030 · wall_segment Palisade Wall x6 |
| 26:44 | JeanLuc Petard · first_building Siege Workshop |
| 27:27 | viva2030 · wall_segment Palisade Wall x1 |
| 27:32 | JeanLuc Petard · wall_segment Stone Wall x1 |
| 27:33 | JeanLuc Petard · wall_segment Stone Wall x1 |
| 27:34 | JeanLuc Petard · wall_segment Stone Wall x1 |
| 28:06 | JeanLuc Petard · first_building Monastery |
| 32:48 | JeanLuc Petard · wall_segment Palisade Wall x1 |
| 33:12 | JeanLuc Petard · wall_segment Stone Wall x4 |
| 33:15 | JeanLuc Petard · wall_segment Stone Wall x5 |
| 34:15 | JeanLuc Petard · wall_segment Palisade Wall x1 |
| 34:26 | JeanLuc Petard · wall_segment Stone Wall x6 |
| 36:25 | JeanLuc Petard · resign |
[ ANÁLISIS IA · 1 CRÉDITO ]
¿Qué pasó realmente en esta partida?
Wolo.gg analiza cada decisión: build order, eco, micro, errores típicos por bracket. Análisis personalizado por WhatsApp o Discord en 30 segundos.
Guía civ
Polacos
Perfil
Jugador #21755138